 Dungeon Crawl Stone Soup version 0.25-b1-39-g0d900dab71 (webtiles) character file.

Game seed: 12488076669381532505

630 gruber the Skirmisher (level 7, -2/58 HPs)
             Began as a Demonspawn Chaos Knight on June 7, 2020.
             Was a Plaything of Xom.
             Slain by an iguana (7 damage)
             ... on level 4 of the Dungeon.
             The game lasted 00:03:57 (3150 turns).

gruber the Skirmisher (Demonspawn Chaos Knight)     Turns: 3150, Time: 00:03:57

Health: -2/58      AC: 11    Str: 14    XL:     7   Next: 24%
Magic:  0/7        EV: 14    Int: 14    God:    Xom [...*..]
Gold:   166        SH:  0    Dex: 12    Spells: 6/6 levels left

rFire    + . .     SeeInvis .   a - +0 spear (chaos)
rCold    . . .     Gourm    .   (no shield)
rNeg     . . .     Faith    .   r - +2 leather armour {rF+}
rPois    .         Spirit   +   (helmet restricted)
rElec    .         Reflect  .   (no cloak)
rCorr    .         Harm     .   (no gloves)
MR       .....                  (no boots)
Stlth    +.........             (no amulet)
HPRegen  0.19/turn              g - +4 ring of protection (curse)
MPRegen  0.20/turn              (no ring)

@: no status effects
A: antennae 2, yellow scales 1, wild magic 1, magic shield, magic regeneration
a: Renounce Religion


You were on level 4 of the Dungeon.
You worshipped Xom.
You were a favourite toy of Xom.
You were not hungry.

You visited 1 branch of the dungeon, and saw 4 of its levels.

You collected 166 gold pieces.

Inventory:

Hand Weapons
 a - a +0 spear of chaos (weapon)
Missiles
 m - 8 atropa-tipped darts (quivered)
Armour
 r - a +2 leather armour of fire resistance (worn)
Jewellery
 g - a cursed +4 ring of protection (left hand)
Scrolls
 d - 3 scrolls of identify {unknown}
 f - 2 scrolls of remove curse {unknown}
 i - 2 scrolls of teleportation {unknown}
 n - a scroll of immolation {unknown}
 o - a scroll of fog {unknown}
 q - a scroll of random uselessness {unknown}
Potions
 b - 2 potions of haste {unknown}
 e - 2 potions of stabbing {unknown}
 h - a potion of degeneration {unknown}
 j - a potion of berserk rage {unknown}
 l - 3 potions of flight {unknown}
 p - a potion of curing {unknown}
Comestibles
 c - 7 rations
 k - 9 chunks of flesh


   Skills:
 * Level 6.1 Fighting
 - Level 3.1 Polearms
 - Level 1.7 Armour
 - Level 5.0 Dodging


You had 6 spell levels left.
You didn't know any spells.
Your spell library was empty.

Dungeon Overview and Level Annotations

Branches:
Dungeon (4/15)
 Temple: D:4-7

Altars:
Ashenzari
Cheibriados


Innate Abilities, Weirdness & Mutations

You have a pair of antennae on your head.
You are partially covered in yellow scales. (AC +2)
When hurt, damage is shared between your health and your magic reserves.
You regenerate magic rapidly.
Your spells are a little harder to cast, but a little more powerful.


Message History

You closely miss something. Something bites you! Something bites you.
You hit something but do no damage. Something barely misses you.
You completely miss something. Something bites you! Something bites you.
You miss something. Something bites you.
You hit something.
Space bends around something.
Something bites you! Something barely misses you.
You miss something. Something bites you but does no damage.
You miss something. Something bites you but does no damage.
Something bites you.
* * * LOW HITPOINT WARNING * * *
You closely miss something. Something bites you.
* * * LOW HITPOINT WARNING * * *
You hit something but do no damage. Something bites you!
* * * LOW HITPOINT WARNING * * *
You closely miss something. Something bites you.
* * * LOW HITPOINT WARNING * * *
Something completely misses you.
You puncture something! You burn something. Something bites you!
You die... "Boring in life, boring in death..."

#......#..#.####.##.#.#
#.#..............##.#.###
#.####...##.####....# ...
....>.....#.#.##.#..#####
.######.#####.......##.#....##.
........# ##....#.##.#.##.##.
.#.#.#..### #....#.##...##.##.
..........#####................
.#.#.#..#...†{@...#.##...##.###
......O.#########..............
.#.#.#.l# ..... ..#.##+##.#####
........#.#####...#.# #....[.
.#.#.#..# ... # #....#.
........# .. ##.#.## ..###...#
# # #. ## #...# #. ##


There were no monsters in sight!

Vanquished Creatures
  A yak (shapeshifter) (D:3)
  An ogre (D:4)
  A bullfrog (D:3)
  A crimson imp (D:3)
  An orc priest (D:3)
  An iguana (D:3)
  A worker ant (D:4)
  2 gnolls (D:4)
  5 adders
  An adder skeleton (D:3)
  2 worms
  4 dart slugs
  3 leopard geckos
  13 orcs
  7 bats
  5 giant cockroaches
  10 goblins
  5 hobgoblins
  4 jackals (D:2)
  8 kobolds
  3 quokkas
  2 frilled lizards (D:2)
  8 rats
89 creatures vanquished.

Vanquished Creatures (collateral kills)
  A gnoll shaman (D:4)
  2 gnolls (D:4)
3 creatures vanquished.

Vanquished Creatures (others)
  An adder (D:2)
  A hobgoblin (D:2)
2 creatures vanquished.

Grand Total: 94 creatures vanquished

Notes
Turn   | Place    | Note
-------+----------+-------------------------------------------
     0 | D:1      | gruber the Demonspawn Chaos Knight began the quest for the
                  | Orb.
     0 | D:1      | Reached XP level 1. HP: 18/18 MP: 1/1
     9 | D:1      | XOM: silly message
   290 | D:1      | XOM: noise
   373 | D:1      | Gained mutation: When hurt, damage is shared between your
                  | health and your magic reserves. [demonic ancestry]
   373 | D:1      | Reached XP level 2. HP: 20/24 MP: 2/2
   664 | D:1      | Reached skill level 4 in Fighting
   673 | D:1      | XOM: polymorph goblin -> quokka
  1222 | D:2      | Gained mutation: You have a pair of small antennae on your
                  | head. [demonic ancestry]
  1222 | D:2      | Reached XP level 3. HP: 30/30 MP: 3/3
  1390 | D:2      | XOM: enchant monster (good)
  1501 | D:2      | Reached skill level 5 in Fighting
  1501 | D:2      | Gained mutation: You have a pair of antennae on your head.
                  | [demonic ancestry]
  1501 | D:2      | Reached XP level 4. HP: 39/39 MP: 4/4
  1604 | D:2      | XOM: 1-stop teleportation journey
  1854 | D:3      | XOM: noise
  1868 | D:3      | Reached skill level 1 in Dodging
  1869 | D:3      | Gained mutation: You regenerate magic rapidly. [demonic
                  | ancestry]
  1869 | D:3      | Reached XP level 5. HP: 42/44 MP: 5/5
  1908 | D:3      | XOM: silly message
  1957 | D:3      | Found a snail-covered altar of Cheibriados.
  2032 | D:3      | XOM: noise
  2034 | D:3      | XOM: cast spell 'Summon Small Mammal'
  2075 | D:3      | XOM: smoke on damage
  2079 | D:3      | Noticed a shapeshifter
  2079 | D:3      | a worm changed into a shapeshifter
  2079 | D:3      | Noticed a yak
  2079 | D:3      | a shapeshifter changed into a yak
  2090 | D:3      | XOM: enchant monster (good)
  2091 | D:3      | Killed a yak
  2091 | D:3      | Reached XP level 6. HP: 45/51 MP: 4/6
  2255 | D:3      | XOM: cast spell 'Ring of Flames'
  2307 | D:3      | XOM: give mutation
  2307 | D:3      | Gained mutation: Your spells are a little harder to cast,
                  | but a little more powerful. [Xom's grace]
  2482 | D:3      | Found a shattered altar of Ashenzari.
  2483 | D:3      | XOM: divination: magic mapping
  2508 | D:3      | Reached skill level 5 in Dodging
  2646 | D:3      | XOM: torment (30/51 hp)
  2789 | D:3      | Found a faded altar of an unknown god.
  2993 | D:4      | XOM: summons 6 friendly demons
  3010 | D:4      | Gained mutation: You are partially covered in yellow
                  | scales. (AC +2) [demonic ancestry]
  3010 | D:4      | Reached XP level 7. HP: 54/56 MP: 7/7
  3028 | D:4      | XOM: god gift: 38 gold pieces
  3126 | D:4      | XOM: summons friendly shadow imp
  3136 | D:4      | Reached skill level 6 in Fighting
  3150 | D:4      | Slain by an iguana

Illustrated notes

Levels and vault maps discovered:
D:1:      nicolae_arrival_memento_mori, layout_basic
D:2:      layout_rooms, first_ration, minmay_tetromino_i4
D:3:      layout_rooms, kennysheep_slug_shrine, chequers_ecumenical_altar_lobes,
          chequers_mini_garden, cheibrodos_ashenzari_chains
D:4:      layout_basic, nicolae_qazlal_general_emergency,
          minmay_temple_entry_hall, serial_co_window_serial, co_window_corner_a,
          co_window_paths_a, co_window_paths_b, co_window_paths_a,
          co_window_corner_a, co_window_of_opportunity_b, co_window_broadway_c,
          co_window_unsneaky_path_b, co_window_of_opportunity_c,
          co_window_paths_d, glass_columns_b, glass_columns_a, glass_columns_c,
          minmay_goblin_kobold_house

Skill      XL: |  1  2  3  4  5  6  7 |
---------------+----------------------+-----
Fighting       | 4 5 6 |  6.1
Polearms       | 3 |  3.1
Dodging        | 2 4 5 |  5.0
Armour         | |  1.7

Action                   |  1- 3 |  4- 6 |  7- 9 || total
-------------------------+-------+-------+-------++-------
Melee: Spear             |   116 |   234 |    39 ||   389
 Stab: Sleeping          |     1 |       |       ||     1
       Confused          |       |     1 |       ||     1
       Paralysed         |       |     2 |       ||     2
  Eat: Chunk             |     2 |     5 |     1 ||     8
Armor: Leather armour    |    48 |    57 |    11 ||   116
Dodge: Dodged            |    55 |   100 |    12 ||   167
